Map: 赛博森林-天梯版

Players

Serral - Winner!

  • Race: Zerg Zerg

Scarlett

  • Race: Zerg Zerg
  • League: Platinum

Event: WESG 2018 Grand Finals

VOD

Have the link to the VOD?

Description

Time

  • Played on: March 16, 2019, 2:31 a.m.
  • Length: 17:43

All games in this series

Show
View Real Time Build Order
Export as new Build Order

Serral Zerg - Winner!

Build Orders: Pool First 

Get SALT Encoding   

  12  0:17  Spawning Pool  
  11  0:22  Drone  
  11  0:27  Drone  
  13  0:31  Drone  
  14  0:41  Overlord  
  14  1:03  Zergling x4  
  16  1:05  Zergling x2  
  17  1:15  Zergling x2  
  18  1:19  Hatchery  
  17  1:26  Zergling x2  
  18  1:34  Queen  
  18  1:38  Drone  
  21  1:47  Overlord  
  21  1:58  Drone  
  22  2:10  Queen, Drone  
  22  2:12  Extractor  
  24  2:20  Drone  
  23  2:30  Drone  
  23  2:32  Drone  
  23  2:33  Queen  
  27  2:41  Drone  
  27  2:43  Drone  
  30  2:44  Drone  
  30  2:48  Drone  
  30  2:55  Drone x2  
  31  3:02  Overlord  
  31  3:05  Drone  
  32  3:15  Drone  
  32  3:16  Drone  
  34  3:24  Lair  
  34  3:25  Drone  
  35  3:27  Evolution Chamber, Drone  
  35  3:33  Drone x2  
  37  3:35  Drone x2  
  39  3:42  Drone  
  39  3:43  Drone  
  39  3:46  Roach Warren  
  40  3:53  Overlord, Drone  
  40  3:55  Drone  
  42  3:56  Drone  
  42  4:02  Zerg Missile Weapons Level 1, Extractor x2  
  41  4:04  Drone  
  41  4:07  Drone  
  41  4:09  Drone  
  44  4:12  Drone x2  
  44  4:16  Drone x2  
  48  4:18  Drone  
  48  4:21  Overlord  
  51  4:31  Roach  
  50  4:39  Roach  
  50  4:41  Hatchery  
  50  4:43  Roach  
  50  4:44  Roach  
  55  4:46  Overseer  
  55  4:51  Roach x2  
  59  4:58  Overlord  
  59  4:59  Overlord  
  59  5:01  Extractor  
  59  5:02  Overlord  
  59  5:03  Drone  
  59  5:19  Roach x6  
  59  5:21  Glial Reconstitution  
  72  5:26  Roach  
  72  5:28  Drone  
  75  5:29  Overlord  
  75  5:33  Roach  
  75  5:34  Roach  
  79  5:42  Overseer  
  79  5:47  Roach x3, Drone x2  
  87  5:52  Roach  
  87  5:53  Roach x2  
  93  6:01  Roach x3  
  97  6:06  Roach x2  
  84  6:19  Roach x3  
  84  6:20  Ravager  
  84  6:25  Roach  
  93  6:28  Queen  
  93  6:31  Roach  
  93  6:32  Drone  
  98  6:33  Overlord  
  97  6:45  Zerg Missile Weapons Level 2  
  97  6:47  Drone  
  98  6:49  Overlord  
  98  6:50  Overlord  
  98  6:56  Drone x7  
  103  7:02  Drone x3  
  108  7:11  Overlord  
  105  7:15  Roach  
  105  7:16  Roach x2  
  109  7:24  Overlord  
  109  7:26  Roach x4  
  117  7:31  Overlord  
  117  7:32  Extractor  
  114  7:38  Roach x3  
  114  7:39  Roach x2  
  114  7:42  Overlord x3  
  124  7:48  Overlord  
  124  7:50  Pneumatized Carapace  
  124  7:52  Drone x2  
  124  7:53  Drone, Extractor  
  124  7:57  Roach x2  
  130  8:01  Overlord  
  130  8:03  Roach  
  130  8:04  Roach  
  134  8:07  Roach x2  
  134  8:10  Roach  
  139  8:14  Ravager  
  139  8:18  Roach x5  
  150  8:23  Roach x2  
  154  8:28  Overlord  
  154  8:33  Roach x3  
  160  8:37  Roach  
  162  8:44  Overseer  
  162  8:45  Overlord  
  162  8:46  Overlord x2  
  162  8:48  Drone x2  
  164  8:50  Roach  
  167  9:02  Drone  
  167  9:03  Drone x3  
  167  9:05  Roach x6, Extractor  
  167  9:09  Roach  
  183  9:13  Zerg Ground Armor Level 1  
  183  9:21  Roach  
  183  9:22  Roach x4  
  193  9:32  Overlord x2  
  193  9:39  Tunneling Claws  
  193  9:40  Burrow  
  193  9:41  Extractor  
  193  9:42  Drone x2  
  193  9:45  Overlord  
  194  9:48  Hatchery  
  193  9:55  Roach x2, Ravager x2  
  193  9:58  Ravager  
  200  10:11  Spine Crawler  
  194  10:36  Roach  
  194  10:37  Roach x2  
  194  10:42  Roach  
  196  10:50  Roach x3  
  196  10:55  Roach x4, Ravager  
  196  10:56  Ravager  
  200  10:59  Overlord  
  190  11:05  Roach x8  
  190  11:07  Overlord x2  
  190  11:14  Roach x8  
  175  11:22  Roach x28  
  176  11:28  Roach x2  
  176  11:29  Ravager  
  176  11:31  Queen  
  181  11:36  Ravager  
  181  11:38  Roach x4  
  190  11:47  Roach x3  
  182  11:53  Roach  
  166  11:56  Roach x3  
  166  12:00  Roach  
  166  12:01  Roach  
  157  12:03  Ravager x2  
  157  12:05  Roach x2  
  153  12:08  Roach  
  153  12:15  Roach x3  
  144  12:21  Roach x3  
  148  12:31  Queen  
  148  12:33  Roach x6  
  148  12:36  Roach x3, Ravager x3  
  163  12:39  Roach  
  163  12:41  Drone  
  163  12:42  Roach x2  
  163  12:43  Roach  
  166  12:46  Roach x3  
  166  12:48  Roach  
  166  12:49  Roach  
  166  12:50  Roach x2, Ravager  
  175  12:53  Roach x2  
  175  12:55  Roach x2  
  175  12:57  Ravager x2  
  181  13:01  Roach x3  
  181  13:02  Roach x3  
  187  13:11  Hatchery  
  184  13:16  Roach x2  
  184  13:17  Roach x3  
  188  13:24  Roach x3  
  188  13:25  Roach x3  
  188  13:26  Roach x5  
  190  13:29  Roach  
  186  13:34  Overseer  
  186  13:38  Roach x3  
  192  13:45  Roach x4  
  200  13:52  Roach  
  200  14:02  Roach x3  
  194  14:03  Roach x3  
  196  14:10  Hatchery  
  196  14:11  Roach  
  196  14:12  Roach  
  196  14:16  Roach x2  
  199  14:17  Roach  
  199  14:24  Roach x3  
  199  14:25  Ravager  
  196  14:34  Roach x2  
  196  14:36  Zerg Ground Armor Level 2  
  196  14:44  Roach x10  
  196  14:45  Roach  
  200  14:54  Roach x2  
  200  14:55  Roach x4  
  186  15:04  Roach x11  
  198  15:11  Roach x2  
  198  15:17  Roach  
  198  15:18  Roach x5  
  188  15:24  Roach x4  
  188  15:25  Roach  
  169  15:30  Roach  
  169  15:31  Roach x2  
  152  15:39  Roach x3  
  158  15:46  Roach  
  158  15:47  Roach x3  
  164  15:51  Roach  
  164  15:52  Roach  
  168  16:04  Roach x6  
  168  16:07  Ravager x4  
  168  16:09  Roach x9  
  184  16:14  Roach x3  
  190  16:27  Roach x5  
  200  16:41  Hydralisk Den  
  199  16:52  Roach x6  
  199  16:54  Roach  
  195  17:05  Roach x4  
  199  17:12  Roach  
Show
View Real Time Build Order
Export as new Build Order

Scarlett Zerg 

Build Orders: Hatch First 

Get SALT Encoding   

  12  0:00  Drone  
  13  0:12  Overlord  
  13  0:17  Drone  
  14  0:31  Drone x2  
  16  0:47  Hatchery  
  15  0:51  Drone  
  15  0:55  Drone  
  17  1:09  Spawning Pool  
  16  1:12  Drone  
  16  1:13  Extractor  
  16  1:17  Drone  
  17  1:20  Drone  
  18  1:28  Drone  
  19  1:55  Zergling x2  
  19  1:56  Zergling x2  
  19  1:59  Queen  
  19  2:00  Queen, Zergling x2  
  27  2:01  Zergling x2  
  27  2:12  Overlord  
  23  2:24  Drone  
  23  2:31  Drone  
  23  2:35  Drone  
  25  2:40  Drone x2  
  27  2:46  Drone  
  27  2:47  Drone  
  29  2:59  Drone  
  29  3:04  Overlord  
  30  3:08  Drone x2  
  30  3:10  Drone x2  
  30  3:11  Drone  
  35  3:14  Drone  
  36  3:23  Lair  
  36  3:24  Drone  
  37  3:27  Drone  
  37  3:30  Drone  
  38  3:34  Drone x2  
  38  3:38  Evolution Chamber  
  38  3:40  Drone  
  40  3:43  Drone x2  
  40  3:45  Drone  
  43  3:52  Roach Warren  
  43  3:54  Extractor  
  43  3:55  Drone  
  42  3:56  Drone  
  42  4:01  Overlord  
  43  4:04  Zerg Missile Weapons Level 1  
  43  4:08  Extractor  
  42  4:10  Overlord  
  42  4:12  Drone  
  42  4:15  Overlord  
  43  4:20  Drone x2  
  45  4:33  Glial Reconstitution  
  45  4:34  Roach x3  
  51  4:41  Roach x3  
  57  4:46  Roach  
  57  4:47  Roach  
  57  4:50  Overlord x2  
  61  4:56  Roach x2  
  65  5:03  Overlord  
  65  5:10  Roach x4  
  73  5:17  Roach x3  
  73  5:19  Roach  
  81  5:22  Overlord  
  81  5:40  Roach x5  
  91  5:46  Roach  
  91  5:47  Roach x2  
  91  5:49  Roach  
  99  5:51  Overlord  
  99  6:05  Roach x2  
  99  6:08  Hatchery  
  86  6:12  Drone x3  
  89  6:20  Drone x2  
  89  6:23  Drone, Extractor  
  91  6:25  Drone  
  91  6:26  Drone  
  91  6:30  Drone x2  
  95  6:33  Overlord  
  95  6:39  Overlord  
  95  6:46  Roach x3  
  101  6:53  Roach x3  
  107  7:00  Roach x3  
  107  7:01  Zerg Missile Weapons Level 2  
  107  7:07  Roach x2  
  109  7:14  Roach x2  
  109  7:19  Ravager x4  
  109  7:21  Queen  
  115  7:23  Roach x2  
  115  7:25  Overlord  
  119  7:30  Drone x3  
  122  7:40  Roach x4  
  130  7:47  Roach x3  
  136  7:54  Overlord x2  
  138  7:58  Roach  
  138  8:03  Overlord x2  
  138  8:12  Overlord  
  138  8:20  Roach x7  
  152  8:31  Drone x8  
  160  8:34  Nydus Network  
  160  8:38  Roach x2  
  163  8:44  Overseer  
  163  8:47  Roach x2  
  167  8:54  Roach x2  
  171  9:01  Roach  
  171  9:02  Roach x2  
  177  9:05  Overlord  
  177  9:06  Overlord x2  
  177  9:07  Ravager  
  178  9:25  Roach x10  
  198  9:35  Roach  
  198  9:37  Overseer  
  200  9:40  Zerg Ground Armor Level 1  
  200  9:55  Extractor  
  200  9:57  Spine Crawler  
  198  10:01  Hatchery  
  198  10:05  Nydus Canal  
  197  10:11  Roach  
  197  10:12  Ravager, Extractor  
  199  10:25  Nydus Canal  
  199  10:35  Nydus Canal  
  195  10:37  Roach x2  
  191  10:52  Nydus Canal  
  191  10:55  Roach x6  
  189  11:08  Roach x13  
  197  11:12  Nydus Canal  
  197  11:17  Spine Crawler  
  159  11:18  Spine Crawler  
  159  11:21  Roach x12  
  159  11:25  Roach x8  
  174  11:34  Nydus Canal  
  174  11:36  Roach x4  
  182  11:43  Overseer  
  163  11:53  Roach x7  
  159  11:58  Nydus Canal  
  159  12:01  Roach x2  
  151  12:06  Roach x2  
  151  12:08  Roach  
  129  12:16  Roach x4  
  129  12:21  Nydus Canal  
  137  12:26  Roach  
  137  12:27  Roach x2  
  137  12:33  Roach x3  
  143  12:38  Roach x2  
  147  12:47  Ravager x6  
  153  12:52  Roach x4  
  159  13:00  Drone x4  
  159  13:04  Drone x3  
  164  13:08  Roach  
  164  13:10  Roach  
  168  13:16  Drone x3  
  166  13:20  Nydus Canal  
  166  13:22  Drone  
  166  13:23  Drone  
  153  13:31  Roach x3  
  149  13:46  Drone x9  
  156  13:53  Nydus Canal  
  144  13:56  Drone x5  
  149  14:04  Roach x2  
  153  14:16  Drone x8  
  157  14:22  Nydus Canal  
  156  14:25  Ravager x8  
  156  14:28  Roach x3  
  169  14:32  Spine Crawler  
  169  14:33  Drone  
  168  14:44  Roach  
  168  14:45  Roach x5  
  179  14:48  Drone x2  
  181  14:53  Roach x3  
  181  14:57  Roach  
  181  14:58  Roach x2  
  190  15:04  Drone  
  190  15:05  Drone  
  189  15:08  Roach x4  
  189  15:16  Roach x4  
  189  15:19  Roach  
  183  15:24  Roach x3  
  161  15:29  Roach  
  161  15:32  Roach x5  
  162  15:40  Spine Crawler, Drone  
  162  15:45  Nydus Canal  
  162  15:48  Roach x3  
  162  15:49  Roach  
  168  15:51  Overlord  
  168  15:54  Spine Crawler  
  167  15:59  Nydus Canal  
  167  16:05  Spine Crawler, Roach x6  
  178  16:16  Nydus Canal  
  178  16:17  Overseer  
  178  16:23  Overlord  
  178  16:24  Overlord, Roach x5  
  187  16:34  Overseer  
  177  16:44  Drone x8  
  176  16:48  Pneumatized Carapace  
  172  17:03  Roach  
  172  17:04  Roach x7  
  172  17:06  Nydus Canal  
  164  17:09  Roach  
  145  17:16  Drone  
  145  17:17  Drone x2  
Tags
 
Add a new tag
Caveats
  • Supply blocks, unpowered buildings, or Contaminate may cause inaccurate times.
  • Supply counts are checked every 10 seconds.